 Dungeon Crawl Stone Soup version 0.14-a0-629-g748cab2 (webtiles) character file.

226 Malachi the Insei (level 4, -2/35 HPs)
             Began as a Draconian Transmuter on Nov 5, 2013.
             Killed from afar by Grinder (8 damage)
             ... with a wand of flame
             ... while paralysed by Grinder
             ... on Level 3 of the Dungeon.
             The game lasted 00:03:45 (2440 turns).

Malachi the Insei (Draconian Transmuter)            Turns: 2440, Time: 00:03:45

HP  -2/35        AC  6     Str 12      XL: 4   Next: 82%
MP   2/6         EV  2     Int 14      God:
Gold 101         SH  0     Dex 12      Spells:  3 memorised,  1 level left

Res.Fire  : . . .   See Invis. : .     - Unarmed
Res.Cold  : . . .   Warding    : .   (armour unavailable)
Life Prot.: . . .   Conserve   : .   (no shield)
Res.Poison: .       Res.Corr.  : .   (helmet restricted)
Res.Elec. : .       Clarity    : .   (no cloak)
Sust.Abil.: . .     Spirit.Shd : .   i - +0 pair of gauntlets
Res.Mut.  : .       Stasis     : .   (no boots)
Res.Rott. : .       Flight     : .   (no amulet)
Saprovore : . . .                    (no ring)
                                     (no ring)

@: paralysed, very slightly contaminated, slightly resistant to hostile
enchantments, unstealthy
A: unfitting armour, AC +5
a: no special abilities


You were on level 3 of the Dungeon.
You were hungry.

You visited 1 branch of the dungeon, and saw 3 of its levels.

You collected 101 gold pieces.

Inventory:

Missiles
 b - 11 arrows
 r - 6 arrows of frost
Armour
 i - a +0 pair of gauntlets (worn)
Comestibles
 a - a bread ration
 g - a meat ration
 n - an apple
 p - a pear
Scrolls
 f - a scroll of fear {unknown}
 j - 3 scrolls of identify {unknown}
 m - 3 scrolls of curse armour {unknown}
Jewellery
 h - a cursed ring of teleportation {unknown}
Potions
 e - 2 potions of curing {unknown}
 l - a potion of agility {unknown}
 o - a potion of cure mutation {unknown}
 q - a potion of porridge {unknown}
 s - 2 potions of restore abilities {unknown}
Books
 d - a book of Changes

   Spells                             Type                      Level
   *Beastly Appendage                 Transmutation                1
   *Sticks to Snakes                  Transmutation                2
   *Spider Form                       Transmutation/Poison         3
   Ice Form                           Ice/Transmutation            4
   Blade Hands                        Transmutation                5


   Skills:
 + Level 1.5 Fighting
 + Level 3.1 Dodging
 - Level 0.4 Stealth
 * Level 4.0 Unarmed Combat
 - Level 2.3 Spellcasting
 * Level 2.5 Transmutations


You had one spell level left.
You knew the following spells:

 Your Spells              Type           Power        Failure   Level  Hunger
a - Beastly Appendage     Trmt           #.....       10%         1    #......
b - Sticks to Snakes      Trmt           #.........   14%         2    ###....
c - Spider Form           Trmt/Pois      #.........   47%         3    ####...


Dungeon Overview and Level Annotations

Branches:
Dungeon (3/27)

Altars:

Annotations:
D:3 Grinder


Message History

* * * LOW HITPOINT WARNING * * *
Your ball python bites Grinder but does no damage.
Your ball python constricts Grinder.
You hit Grinder but do no damage.
Your tail-slap misses Grinder.
Grinder is severely wounded.
Your ball python bites Grinder but does no damage.
Your ball python constricts Grinder.
Grinder gestures.
Grinder struggles to blink free from constriction.
You hit Grinder.
Grinder is severely wounded.
Your ball python bites Grinder but does no damage.
Your ball python constricts Grinder.
Grinder gestures at you.
You suddenly lose the ability to move!
Your ball python bites Grinder.
Your ball python constricts Grinder.
Grinder drinks a potion.
Grinder is healed!
Your ball python barely misses Grinder.
Your ball python constricts Grinder.
Grinder zaps a wand.
The puff of flame hits you!
You die...

#.#.....5.)........
#.....#.....##.....
#.%...#.....# .
#.....#.....#
####.....#$....#
#..............#
#..............#
#........5###########
#.......S@..<.......#
#.%.(...((########...
########### ><#..
##.. #..


You could see Grinder and a friendly ball python.

Vanquished Creatures
  Ijyb (D:2)
  5 adders (D:2)
  An inept feature mimic (D:2)
  2 giant geckos
  An ooze (D:2)
  An orc (D:3)
  6 bats
  5 giant cockroaches
  4 hobgoblins
  2 giant newts
  7 goblins
  12 kobolds
  A quokka (D:2)
  10 rats
  2 toadstools (D:1)
60 creatures vanquished.

Vanquished Creatures (others)
  2 toadstools (D:1)
2 creatures vanquished.

Grand Total: 62 creatures vanquished

Notes
Turn   | Place    | Note
--------------------------------------------------------------
     0 | D:1      | Malachi, the Draconian Transmuter, began the quest for the Orb.
     0 | D:1      | Reached XP level 1. HP: 16/16 MP: 1/1
   316 | D:1      | Reached XP level 2. HP: 23/23 MP: 3/3
   350 | D:1      | Learned a level 2 spell: Sticks to Snakes
   876 | D:2      | Reached XP level 3. HP: 28/28 MP: 4/4
  1259 | D:2      | Reached XP level 4. HP: 28/35 MP: 6/6
  1492 | D:2      | Reached skill level 4 in Unarmed Combat
  1529 | D:2      | Noticed Ijyb
  1554 | D:2      | Killed Ijyb
  2158 | D:3      | Noticed Grinder
  2417 | D:2      | Learned a level 3 spell: Spider Form
  2438 | D:3      | Paralysed by Grinder for 6 turns
  2440 | D:3      | Killed from afar by Grinder

Action                   |  1- 3 |  4- 6 || total
-------------------------+-------+-------++-------
Melee: Unarmed           |   133 |    88 ||   221
 Cast: Beastly Appendage |     3 |     2 ||     5
       Sticks to Snakes  |       |     1 ||     1
 Stab: Sleeping          |     1 |     1 ||     2
